 Dungeon Crawl Stone Soup version 0.30.1-11-g7821555f0a (webtiles) character file.

Game seed: 8579224590857101864

184159 Tritorn the Earth Mage (level 18, -18/113 HPs)
             Began as a Gargoyle Earth Elementalist on Dec 14, 2023.
             Was the Champion of Vehumet.
             Demolished by a redback simulacrum (21 damage)
             ... on level 3 of the Spider Nest on Dec 17, 2023.
             The game lasted 03:14:33 (32580 turns).

Tritorn the Earth Mage (GrEE)                      Turns: 32580, Time: 03:14:33

Health: -18/113    AC: 38    Str: 13 (14) XL:     18   Next: 0%
Magic:  2/42       EV: 15    Int: 33      God:    Vehumet [******]
Gold:   1405       SH:  0    Dex: 12 (13) Spells: 13/39 levels left

rFire   . . .        U - staff of conjuration
rCold   . . .        (no shield)
rNeg    + . .        I - +7 scale mail of the Equinox {rElec Dex+3}
rPois   ∞            c - +1 helmet "Lotz" {Regen+ rCorr Int+3}
rElec   +            S - +2 cloak {rPois}
rCorr   +            N - +2 pair of gloves
SInv    .            g - +0 pair of boots
Will    +....        (no amulet)
Stlth   +            X - ring "Ulacha" {rElec EV+5 Int+8}
HPRegen 1.18/turn    K - ring of magical power
MPRegen 0.28/turn

%: no passive effects
@: on fire, flying, glowing, studying Air Magic
A: sickness immunity, AC +13, big wings, negative energy resistance 1,
electricity resistance, torment resistance 1, petrification resistance
}: 1/15 runes: barnacled
a: Renounce Religion


You were on level 3 of the Spider Nest.
You worshipped Vehumet.
Vehumet was exalted by your worship.
You visited 6 branches of the dungeon, and saw 27 of its levels.
You also visited: Bailey and Volcano.

You collected 2273 gold pieces.
You spent 868 gold pieces at shops.

Inventory:

Missiles
 m - 7 curare-tipped darts
Armour
 c - the +1 helmet "Lotz" (worn) {Regen+ rCorr Int+3}
   (You acquired it on level 6 of the Dungeon)

   Int:       It affects your intelligence (+3).
   Regen:     It increases your rate of health regeneration.
   rCorr:     It protects you from acid and corrosion.
 g - a +0 pair of boots (worn)
 I - the +7 scale mail of the Equinox (worn) {rElec Dex+3}
   (You found it on level 2 of the Shoals)

   Dex:       It affects your dexterity (+3).
   rElec:     It insulates you from electricity.
 N - a +2 pair of gloves (worn)
 S - a +2 cloak of poison resistance (worn)
 W - a +0 helmet of see invisible
Magical Staves
 i - a staff of fire
 U - a staff of conjuration (weapon)
Jewellery
 f - an amulet of regeneration
 h - a ring of wizardry
 r - a ring of protection from cold
 K - a ring of magical power (right hand)
 X - the ring "Ulacha" (left hand) {rElec EV+5 Int+8}
   (You bought it in a shop on level 8 of the Dungeon)

   [ring of evasion]

   EV:        It affects your evasion (+5).
   Int:       It affects your intelligence (+8).
   rElec:     It insulates you from electricity.
Wands
 v - a wand of polymorph (5)
 C - a wand of flame (40)
 D - a wand of light (6)
 E - a wand of roots (51)
 L - a wand of charming (13)
Scrolls
 d - 5 scrolls of amnesia
 w - 4 scrolls of teleportation
 y - a scroll of blinking {unknown}
 F - 3 scrolls of magic mapping
 J - 4 scrolls of poison
 M - 3 scrolls of fog
 O - 4 scrolls of immolation
 P - 2 scrolls of torment
 Q - 6 scrolls of fear
 T - a scroll of identify
Potions
 a - 3 potions of flight
 e - 4 potions of lignification
 j - 8 potions of might
 k - 12 potions of curing
 l - 2 potions of heal wounds
 o - 3 potions of haste
 p - 3 potions of berserk rage {unknown}
 q - 2 potions of invisibility {unknown}
 u - 4 potions of mutation
 A - 3 potions of resistance
 G - 4 potions of cancellation
 R - 3 potions of brilliance
Miscellaneous
 x - a tin of tremorstones (2/2)
 H - a phial of floods


   Skills:
 + Level 12.9 Fighting
 - Level 5.0 Staves
 + Level 5.8 Armour
 - Level 4.0 Dodging
 - Level 7.0 Stealth
 + Level 11.4 Spellcasting
 + Level 15.4 Conjurations
 - Level 0.7 Transmutations
 + Level 11.4 Fire Magic
 + Level 18.1 Earth Magic
 - Level 6.5 Evocations


You had 13 spell levels left.
You knew the following spells:

 Your Spells              Type           Power      Damage    Failure   Level
a - Iron Shot             Conj/Erth      57%        9d11      1%          6
b - Passwall              Tmut/Erth      57%        N/A       1%          2
c - Stone Arrow           Conj/Erth      100%       3d13      1%          3
d - Petrify               Tmut/Erth      69%        N/A       1%          4
e - Starburst             Conj/Fire      51%        6d14      1%          6
f - Fireball              Conj/Fire      51%        3d20      1%          5

Your spell library contained the following spells:

 Spells                   Type           Power      Damage    Failure   Level
 Sandblast                Erth           100%       2d20      0%          1
 Dazzling Flash           Conj/Hex       100%       N/A       1%          3
 Inner Flame              Hex/Fire       54%        N/A       1%          3
 Volatile Blastmotes      Fire/Tloc      100%       2d18      1%          3
 Iskenderun's Mystic Bla  Conj/Tloc      81%        2d16      1%          4
 Orb of Destruction       Conj           55%        9d14      4%          7
 Borgnjor's Vile Clutch   Necr/Erth      34%        N/A       7%          5
 Apportation              Tloc           36%        N/A       10%         1
 Summon Small Mammal      Summ           72%        N/A       10%         1
 Call Canine Familiar     Summ           18%        N/A       30%         3
 Summon Guardian Golem    Hex/Summ       18%        N/A       30%         3
 Yara's Violent Unravell  Hex/Tmut       10%        3d6       50%         5
 Spellforged Servitor     Conj/Summ      40%        N/A       63%         7
 Manifold Assault         Tloc           18%        N/A       69%         4
 Alistair's Intoxication  Tmut/Pois      14%        N/A       94%         5
 Eringya's Noxious Bog    Tmut/Pois      10%        N/A       95%         6
 Dispersal                Tloc           9%         N/A       100%        6
 Enfeeble                 Hex            9%         N/A       100%        7
 Disjunction              Tloc           9%         N/A       100%        8


Dungeon Overview and Level Annotations

Branches:
Dungeon (12/15)            Temple (1/1) D:5            Lair (5/5) D:9
 Shoals (4/4) Lair:2       Spider (3/4) Lair:3        Slime (0/5) Lair:5
    Orc (2/2) D:12            Elf (0/3) Orc:2        Bailey (visited)
Volcano (visited)

Altars:
Ashenzari
Cheibriados
Dithmenos
Elyvilon
Fedhas
Gozag
Hepliaklqana
Kikubaaqudgha
Makhleb
Nemelex Xobeh
Okawaru
Qazlal
Ru
Sif Muna
Trog
Uskayaw
Vehumet
Wu Jian
Xom
Yredelemnul
Zin
The Shining One
Jiyva

Shops:
D:3 *   D:8 =   Shoals:1 :(   Shoals:2 *

Annotations:
D:12 Sonja
Spider:1 exclusion: player ghost


Innate Abilities, Weirdness & Mutations

You are immune to sickness and miasma.
Your stone body is resilient. (AC +13)
You are immune to poison.
Your large and strong wings let you fly.
You resist negative energy. (rN+)
You are resistant to electric shocks. (rElec)
You are resistant to unholy torment.
You are immune to petrification.


Message History

You feel you are being watched by something.
You feel your power leaking away. Something barely misses you.
Something hits you but does no damage.
Something stings you but does no damage.
The sun moth barely misses you.
You hit the sun moth but do no damage.
You blast the sun moth.
The sun moth is almost dead.
The redback simulacrum bites you but does no damage.
The culicivora simulacrum bites you but does no damage.
The redback simulacrum bites you but does no damage.
The sun moth throws sticky fire at you.
The sticky flame hits you but does no damage.
You are covered in liquid flames!
Something hits you!
* * * LOW HITPOINT WARNING * * *
You feel clumsy. Something hits you but does no damage.
Something stings you but does no damage.
You hit the sun moth.
You blast the sun moth!
You kill the sun moth!
Vehumet accepts your kill.
You feel your power returning.
You are covered in liquid flames!
* * * LOW HITPOINT WARNING * * *
The redback simulacrum closely misses you.
The culicivora simulacrum bites you but does no damage.
The redback simulacrum bites you but does no damage.
Something barely misses you. Something hits you but does no damage.
Something stings you but does no damage.
You have reached level 18!
You hit the culicivora simulacrum.
You blast the culicivora simulacrum!!
The culicivora simulacrum is almost destroyed.
You are covered in liquid flames!
* * * LOW HITPOINT WARNING * * *
The redback simulacrum barely misses you.
The culicivora simulacrum bites you but does no damage.
The redback simulacrum bites you.
* * * LOW HITPOINT WARNING * * *
The redback simulacrum freezes you!!
You die...

#### .. ###..##
....
##.#^..#.....
..##..Z.....^....
......Z@.........
...^^..Z{.†......
.<...............
......>†~...#....
......?.######...
......... ^..
#†......^
#........


You could see 2 redback simulacra and a culicivora simulacrum.

Vanquished Creatures
  The ghost of Moodymarshmallow the Peltast, a journeyman MiBe of Trog (Spider:1)
  2 orc warlords (Orc:1)
  A broodmother (Spider:1)
  2 spark wasps (Spider:1)
  3 dire elephants (Lair:5)
  5 merfolk javelineers
  7 merfolk impalers
  A catoblepas (Lair:1)
  2 hydras
  A centaur warrior (Shoals:2)
  The ghost of ripuliukko the Thaumaturge, a journeyman GrEE of Vehumet (D:10)
  2 merfolk aquamancers
  A jorogumo (Spider:1)
  4 alligator snapping turtles
  A satyr (Shoals:2)
  A boulder beetle (Spider:3)
  4 merfolk avatars
  An alligator (Shoals:3)
  A dancing weapon (D:10)
  12 death yaks
  An orc high priest (Orc:2)
  Urug (D:12)
  A hell knight (Volcano)
  A spectral dire elephant (Lair:5)
  A salamander mystic (Volcano)
  4 skysharks
  A fire crab (Lair:4)
  A spectral anaconda (Lair:5)
  A sun moth (Spider:3)
  A spectral death yak (Lair:5)
  10 sea snakes
  4 pharaoh ants
  An orb spider (Spider:1)
  A kraken simulacrum (Shoals:4)
  An obsidian statue (Lair:5)
  4 lindwurms (D:10)
  24 harpies
  2 steelbarb worms (Spider:1)
  Pikel (D:5)
  An orc knight (Orc:2)
  4 necromancers (Lair:5)
  An oklob plant (Lair:3)
  11 wolf spiders
  4 cyclopes
  3 orc sorcerers
  16 manticores
  4 salamanders (Volcano)
  5 merfolk sirens
  6 elephants (Lair:5)
  A demonic crawler (Spider:1)
  5 water nymphs
  Joseph (D:9)
  2 black mambas
  Maurice (D:12)
  2 gargoyles
  2 dire elephant skeletons (Lair:5)
  8 cane toads
  An efreet (D:12)
  7 komodo dragons
  A torpor snail (Spider:3)
  A rime drake (Lair:3)
  2 trolls
  19 merfolk
  2 polar bears
  5 wind drakes
  5 blink frogs (Lair:2)
  6 tarantellas
  6 dream sheep (Lair:5)
  5 snapping turtles
  10 culicivoras
  7 jumping spiders
  A wraith (D:10)
  Sigmund (D:2)
  5 vampires
  8 water elementals
  72 yaks
  A wyvern (D:11)
  13 redbacks
  3 steam dragons
  Menkaure (D:7)
  4 wargs
  3 spectral cane toads (Lair:5)
  Edmund (D:5)
  8 water moccasins
  2 acid dragons
  28 orc warriors
  4 sky beasts
  3 ice beasts
  A black bear (Lair:2)
  19 wolves
  2 elephant zombies (Lair:5)
  4 ogres
  2 elephant skeletons (Lair:5)
  A phantom (D:6)
  5 centaurs
  3 lemures (D:5)
  Blork the orc (D:4)
  2 kobold brigands (D:11)
  9 bullfrogs
  A scorpion (D:4)
  A gnoll sergeant (D:10)
  7 wights
  5 killer bees (D:8)
  An elephant simulacrum (Lair:5)
  A howler monkey (D:9)
  8 vampire bats (Bailey)
  7 wolf zombies (Bailey)
  An electric eel (Spider:1)
  2 hounds
  15 orc priests
  7 jellies
  6 iguanas
  Ijyb (D:5)
  Natasha (thrice) (D:2)
  23 orc wizards
  4 hell rats (Lair:5)
  Robin (D:2)
  4 adders
  15 gnolls
  A shadow imp (D:6)
  2 white imps
  4 worms
  80 orcs
  10 ball pythons
  6 endoplasms
  A giant cockroach (D:4)
  14 goblins
  20 hobgoblins
  3 jackals (D:5)
  19 kobolds
  5 quokkas
  8 bats
  3 frilled lizards
  23 orc zombies (Bailey)
  9 rats
796 creatures vanquished.

Vanquished Creatures (others)
  An orc priest (Orc:2)
1 creature vanquished.

Grand Total: 797 creatures vanquished

Notes
Turn   | Place    | Note
-------+----------+-------------------------------------------
     0 | D:1      | Tritorn the Gargoyle Earth Elementalist began the quest for
                  | the Orb.
     0 | D:1      | Reached XP level 1. HP: 10/10 MP: 3/3
   158 | D:1      | Reached skill level 4 in Earth Magic
   199 | D:1      | Reached XP level 2. HP: 15/15 MP: 0/5
   403 | D:1      | Learned a level 2 spell: Passwall
   665 | D:2      | Noticed Robin
   858 | D:2      | Reached XP level 3. HP: 19/19 MP: 4/6
   860 | D:2      | Reached skill level 5 in Earth Magic
   866 | D:2      | Learned a level 3 spell: Stone Arrow
  1256 | D:2      | Noticed Natasha
  1344 | D:2      | Killed Natasha
  1345 | D:2      | Reached XP level 4. HP: 24/24 MP: 5/7
  1353 | D:2      | Noticed Natasha
  1355 | D:2      | Killed Natasha
  1356 | D:2      | Reached skill level 1 in Fighting
  1356 | D:2      | Reached skill level 6 in Earth Magic
  1394 | D:2      | Noticed Natasha
  1399 | D:2      | Killed Natasha
  1400 | D:2      | Reached XP level 5. HP: 15/29 MP: 4/8
  1554 | D:2      | Noticed Sigmund
  1558 | D:2      | Killed Sigmund
  1559 | D:2      | Reached skill level 7 in Earth Magic
  1559 | D:2      | Reached XP level 6. HP: 37/37 MP: 5/9
  1673 | D:2      | Killed Robin
  1965 | D:3      | Found Koynos's Assorted Antiques.
  2905 | D:3      | Found a faded altar of an unknown god.
  3216 | D:4      | Reached XP level 7. HP: 42/42 MP: 6/11
  3781 | D:4      | Noticed Blork the orc
  3791 | D:4      | Killed Blork the orc
  4143 | D:4      | Noticed a steam dragon
  4149 | D:4      | Killed a steam dragon
  4150 | D:4      | Reached skill level 8 in Earth Magic
  4260 | D:4      | Reached skill level 5 in Fighting
  4260 | D:4      | Reached XP level 8. HP: 43/49 MP: 10/13
  4378 | D:5      | Entered Level 5 of the Dungeon
  4401 | D:5      | Reached skill level 1 in Conjurations
  4612 | D:5      | Noticed Edmund
  4625 | D:5      | Killed Edmund
  4746 | D:5      | Found a staircase to the Ecumenical Temple.
  4786 | Temple   | Entered the Ecumenical Temple
  4962 | Temple   | Became a worshipper of Vehumet
  5023 | D:5      | Noticed Pikel
  5030 | D:5      | Killed Pikel
  5031 | D:5      | Reached skill level 5 in Spellcasting
  5142 | D:5      | Noticed Ijyb
  5162 | D:5      | Killed Ijyb
  5195 | D:5      | Reached skill level 5 in Conjurations
  5234 | D:5      | Reached XP level 9. HP: 54/54 MP: 13/17
  6102 | D:6      | Identified a scroll of acquirement
  6103 | D:6      | Acquired the +1 helmet "Lotz" {Regen+ rCorr Int+3}
  6164 | D:6      | Reached skill level 9 in Earth Magic
  6675 | D:6      | Reached * piety under Vehumet
  6675 | D:6      | Offered knowledge of Freeze by Vehumet.
  6681 | D:6      | Learned a level 4 spell: Petrify
  7430 | D:7      | Noticed Menkaure
  7432 | D:7      | Killed Menkaure
  7574 | D:7      | Found a stormy altar of Qazlal.
  7577 | D:7      | Found a sparkling altar of Nemelex Xobeh.
  7580 | D:7      | Found a glowing silver altar of Zin.
  7581 | D:7      | Found a shadowy altar of Dithmenos.
  7581 | D:7      | Found a glowing golden altar of the Shining One.
  7584 | D:7      | Found an ornate altar of the Wu Jian Council.
  7752 | D:7      | Reached skill level 1 in Armour
  8150 | D:8      | Reached XP level 10. HP: 61/63 MP: 19/19
  8159 | D:8      | Found an iron altar of Okawaru.
  8191 | D:8      | Found Leifim's Jewellery Emporium.
  8205 | D:8      | Found a flagged portal.
  8260 | Bailey   | Entered a bailey
  8491 | Bailey   | Reached skill level 1 in Evocations
  8665 | Bailey   | Reached ** piety under Vehumet
  8667 | Bailey   | Offered knowledge of Searing Ray by Vehumet.
  8670 | Bailey   | Reached skill level 1 in Fire Magic
  8883 | Bailey   | Noticed a gargoyle
  8888 | Bailey   | Killed a gargoyle
  9330 | D:8      | Identified the +2 spear "Qesi" {flame, Dex+2}
  9392 | D:8      | Offered knowledge of Inner Flame by Vehumet.
  9528 | D:8      | Reached *** piety under Vehumet
  9666 | D:8      | Noticed a cyclops
  9672 | D:8      | Killed a cyclops
  9916 | D:8      | Offered knowledge of Hailstorm by Vehumet.
 10538 | D:9      | Noticed Joseph
 10545 | D:9      | Killed Joseph
 10546 | D:9      | Reached XP level 11. HP: 49/67 MP: 13/20
 10711 | D:9      | Reached skill level 10 in Earth Magic
 11317 | D:9      | Found a staircase to the Lair.
 11441 | D:10     | Entered Level 10 of the Dungeon
 11454 | D:9      | Learned a level 6 spell: Starburst
 11506 | D:10     | Reached skill level 5 in Evocations
 11514 | D:10     | Reached skill level 5 in Fire Magic
 11526 | D:10     | Reached **** piety under Vehumet
 11811 | D:10     | Offered knowledge of Fireball by Vehumet.
 11963 | D:10     | Learned a level 5 spell: Fireball
 11972 | D:10     | Noticed a lindwurm
 12083 | D:10     | Noticed a lindwurm
 12166 | D:10     | Noticed a lindwurm
 12187 | D:10     | Reached skill level 1 in Staves
 12354 | D:10     | Noticed a lindwurm
 12355 | D:10     | Noticed a cyclops
 12359 | D:10     | Killed a cyclops
 12427 | D:10     | Found a runed translucent door.
 12428 | D:10     | Found a shimmering altar of Xom.
 12428 | D:10     | Noticed ripuliukko's ghost (journeyman GrEE)
 12429 | D:10     | Noticed a +2 war axe of chaos
 12705 | D:10     | Killed a lindwurm
 12751 | D:10     | Killed a lindwurm
 12752 | D:10     | Reached skill level 11 in Earth Magic
 12752 | D:10     | Reached XP level 12. HP: 66/75 MP: 16/22
 12843 | D:10     | Found the +2 hood of the Assassin {Detect Stab+ Stlth++}
 12858 | D:10     | Identified the staff of cold "Ylebbod" {rC+ Stlth+}
 12865 | D:10     | Identified the staff of death "Zaocaop" {rN+ MP+9 Int+4
                  | Dex+5}
 13013 | D:10     | Killed ripuliukko's ghost
 14383 | D:12     | Noticed Sonja
 14500 | Lair:1   | Entered Level 1 of the Lair of Beasts
 14582 | Lair:1   | Noticed a catoblepas
 14588 | Lair:1   | Killed a catoblepas
 14777 | Lair:1   | Reached ***** piety under Vehumet
 14781 | Lair:1   | Reached skill level 10 in Fighting
 15033 | Lair:1   | Offered knowledge of Iron Shot by Vehumet.
 15981 | Lair:2   | Reached skill level 10 in Conjurations
 15983 | Lair:2   | Reached skill level 5 in Staves
 16009 | Lair:2   | Found a staircase to the Shoals.
 16089 | Lair:2   | Reached XP level 13. HP: 82/82 MP: 11/24
 16318 | Lair:2   | Found a dark tunnel.
 16325 | Volcano  | Entered a volcano
 16328 | Volcano  | Gained mutation: Your large and strong wings let you fly.
                  | [Gargoyle growth]
 16328 | Volcano  | Reached XP level 14. HP: 88/88 MP: 24/26
 16329 | Volcano  | Reached skill level 12 in Earth Magic
 16329 | Volcano  | Reached XP level 15. HP: 92/92 MP: 24/27
 16495 | Volcano  | Learned a level 6 spell: Iron Shot
 16558 | Volcano  | HP: 4/92 [salamander/+0 trident (4)]
 16849 | Lair:2   | Reached skill level 5 in Stealth
 17804 | Lair:3   | Reached skill level 13 in Earth Magic
 17931 | Lair:3   | Found a hole to the Spider Nest.
 18521 | Lair:3   | Reached skill level 14 in Earth Magic
 19703 | Lair:4   | Offered knowledge of Plasma Beam by Vehumet.
 19737 | Lair:4   | Reached skill level 15 in Earth Magic
 20242 | Lair:5   | Entered Level 5 of the Lair of Beasts
 20423 | Lair:5   | Found a staircase to the Slime Pits.
 20504 | Lair:5   | Found a viscous altar of Jiyva.
 21909 | Lair:5   | Reached skill level 16 in Earth Magic
 22201 | Lair:5   | Reached XP level 16. HP: 97/97 MP: 19/29
 22800 | Lair:5   | Identified the +11 morningstar of Gluttony {drain, Dex+2}
 23454 | D:12     | Noticed Maurice
 23458 | D:12     | Killed Maurice
 23462 | D:12     | Noticed Urug
 23469 | D:12     | Killed Urug
 23768 | D:12     | Found a staircase to the Orcish Mines.
 23770 | D:12     | Offered knowledge of Lee's Rapid Deconstruction by Vehumet.
 24078 | Orc:1    | Entered Level 1 of the Orcish Mines
 24307 | Orc:2    | Entered Level 2 of the Orcish Mines
 24572 | Orc:2    | Found a staircase to the Elven Halls.
 25836 | D:8      | Bought the ring "Ulacha" {rElec EV+5 Int+8} for 868 gold
                  | pieces
 25999 | Shoals:1 | Entered Level 1 of the Shoals
 26005 | Shoals:1 | Offered knowledge of Iskenderun's Battlesphere by Vehumet.
 26544 | Shoals:1 | Reached skill level 10 in Spellcasting
 26710 | Shoals:1 | Found Kadagg's Weapon Shoppe.
 26730 | Shoals:1 | Found Palod's Self-Improvement Boutique.
 27313 | Shoals:2 | Found Joxzomir's General Store.
 27439 | Shoals:2 | Reached skill level 17 in Earth Magic
 27443 | Shoals:2 | Reached skill level 10 in Fire Magic
 28234 | Shoals:2 | Identified the +7 scale mail of the Equinox {rElec Dex+3}
 28560 | Shoals:3 | Reached XP level 17. HP: 103/106 MP: 31/31
 29962 | Shoals:4 | Entered Level 4 of the Shoals
 30715 | Shoals:4 | Reached skill level 15 in Conjurations
 31112 | Shoals:4 | Got a barnacled rune of Zot
 31328 | Spider:1 | Entered Level 1 of the Spider Nest
 31564 | Spider:1 | Reached skill level 5 in Armour
 31647 | Spider:1 | Found a transporter.
 31715 | Spider:1 | Reached ****** piety under Vehumet
 31715 | Spider:1 | Offered knowledge of Yara's Violent Unravelling by Vehumet.
 31888 | Spider:1 | Noticed Moodymarshmallow's ghost (journeyman MiBe)
 31889 | Spider:1 | Found a transporter.
 32149 | Spider:1 | Killed Moodymarshmallow's ghost
 32150 | Spider:1 | Reached skill level 18 in Earth Magic
 32558 | Spider:2 | You are sucked into a shaft and drop 1 floor!
 32580 | Spider:3 | Reached XP level 18. HP: 13/113 MP: 1/33
 32580 | Spider:3 | HP: 3/113 [redback simulacrum (6)]
 32580 | Spider:3 | Demolished by a redback simulacrum

Illustrated notes

Levels and vault maps discovered:
D:1:      scummos_arrival_star, layout_basic
D:2:      layout_loops_cross, uniq_robin, uniq_natasha, uniq_sigmund
D:3:      layout_basic, shapermc_ecumenical_altar_mp_vishouse, serial_shops,
          shop
D:4:      cheibrodos_barr_body, layout_gridville, uniq_blork_the_orc
D:5:      layout_gridville, minmay_temple_entry_glass, nicolae_goblin_pals,
          uniq_pikel, uniq_edmund
D:6:      layout_layer_cave, item_on_display_a
D:7:      layout_loops_cross, minitemple, nicolae_sextant, uniq_menkaure
D:8:      wad_river_or_something, layout_loops_ring,
          mainiacjoe_overflow_tiny_flanked, enter_bailey_3, serial_shops, shop
D:9:      layout_loops_ring, dpeg_oklobed_lair, nicolae_figureground_sparkle,
          uniq_joseph
D:10:     layout_basic, ebering_ghost_xom, minmay_lindwurm_lava
D:11:     layout_basic
D:12:     layout_roguey, david_orc_2, uniq_urug, uniq_sonja, uniq_maurice
Temple:   nicolae_temple_bog_church
Lair:1:   layout_layer_cave, lemuel_fruit_fields, lemuel_fruit_fields
Lair:2:   layout_cave_pods, nicolae_shoals_entry_roost,
          nicolae_volcano_entry_s_turn, grunt_megastairs_3
Lair:3:   layout_layer_cave, spider_nest_entry_funnel_web, lemuel_fruit_tree
Lair:4:   layout_roguey, serial_bayou_shore_b, infiniplex_staircase_pool_2,
          grunt_megastairs_1
Lair:5:   due_jungle_book, layout_gridlike, nicolae_slime_entry_field_trip,
          nicolae_lair_run_with_the_wolves
Shoals:1: layout_shoals, serial_shops, nicolae_shop_bloodbath_and_beyond,
          nicolae_shop_self_help
Shoals:2: layout_shoals, serial_shops, shop
Shoals:3: layout_shoals, nicolae_shoals_siren_and_animal_friends
Shoals:4: shoals_end_grunt_ice, layout_shoals
Spider:1: layout_spider_delve, gammafunk_ghost_arena
Spider:2: layout_spider_delve, hangedman_spider_tarantella_strand
Spider:3: layout_spider_delve, nicolae_spider_jagged_tunnels
Orc:1:    layout_caves
Orc:2:    grunt_orc_tribal_feast, layout_caves, nicolae_orc_lava_tube,
          mines_bat_river

Skill      XL: |  1  2  3  4  5  6  7  8  9 10 11 12 13 14 15 16 17 |
---------------+----------------------------------------------------+-----
Earth Magic    | 4 5 6 7 8 9 11 12 16 17 18 | 18.1
Fighting       | 1 3 5 7 8 10 11 12 | 12.9
Spellcasting   | 3 5 6 7 8 9 10 11 | 11.4
Conjurations   | 5 7 8 9 10 11 13 14 15 | 15.4
Dodging        | 2 3 4 |  4.0
Armour         | 2 5 |  5.8
Evocations     | 4 5 6 |  6.5
Fire Magic     | 4 6 8 9 10 11 | 11.4
Staves         | 2 5 |  5.0
Stealth        | 4 6 7 |  7.0
Transmutations | |  0.7

Action                     |  1- 3 |  4- 6 |  7- 9 | 10-12 | 13-15 | 16-18 || total
---------------------------+-------+-------+-------+-------+-------+-------++-------
  Melee: Dagger            |     2 |     2 |    11 |       |       |       ||    15
         Flail             |       |       |    86 |   126 |       |       ||   212
         Punch             |       |       |       |     9 |     1 |       ||    10
         Staff             |       |       |       |   279 |    63 |   114 ||   456
   Cast: Sandblast         |    44 |    66 |    97 |    13 |       |       ||   220
         Passwall          |       |     1 |       |       |     1 |       ||     2
         Stone Arrow       |       |       |    52 |   279 |   171 |   274 ||   776
         Fireball          |       |       |       |    11 |    23 |    60 ||    94
         Petrify           |       |       |       |     4 |       |       ||     4
         Starburst         |       |       |       |     3 |    19 |    29 ||    51
         Iron Shot         |       |       |       |       |    36 |   119 ||   155
  Evoke: Tin of tremorston |       |       |       |     1 |       |     2 ||     3
         Wand              |       |       |       |       |       |     3 ||     3
    Use: Scroll            |     1 |       |    14 |     5 |     3 |     7 ||    30
         Potion            |       |       |     1 |     1 |     9 |     4 ||    15
   Stab: Invisible         |       |       |       |       |       |     1 ||     1
 Armour: Robe              |     4 |       |     7 |       |       |       ||    11
         Skin              |       |       |    11 |       |       |       ||    11
         Steam dragon scal |       |       |    53 |   232 |    98 |    82 ||   465
         Scale mail        |       |       |       |       |       |   142 ||   142
  Dodge: Dodged            |     7 |    19 |   150 |   485 |   156 |   235 ||  1052
